 Dungeon Crawl Stone Soup version 0.13-a0-1660-ga2b9f94 (webtiles) character file.

3524 HowlyKow the Cleaver (level 9, -2/70 HPs)
             Began as a Minotaur Monk on June 18, 2013.
             Was a High Priest of Okawaru.
             Slain by an orc warrior
             ... wielding a +0,+0 orcish mace
              (16 damage)
             ... on Level 1 of the Lair of Beasts.
             The game lasted 00:41:46 (7674 turns).

HowlyKow the Cleaver (Minotaur Monk)                Turns: 7674, Time: 00:41:46

HP  -2/70        AC 15     Str 20      XL: 9   Next: 72%
MP   1/3         EV 10     Int  7      God: Okawaru [*****.]
Gold 177         SH  0     Dex 12      Spells:  0 memorised,  8 levels left

Res.Fire  : + + .   See Invis. : .   J - +3,+2 hand axe (freeze)
Res.Cold  : . . .   Warding    : .   u - +3 scale mail {rF+}
Life Prot.: . . .   Conserve   : .   (no shield)
Res.Poison: .       Res.Corr.  : .   (helmet restricted)
Res.Elec. : .       Clarity    : .   z - +0 cloak
Sust.Abil.: . .     Spirit.Shd : .   (no gloves)
Res.Mut.  : .       Stasis     : .   L - +0 pair of boots
Res.Rott. : .       Flight     : .   (no amulet)
Saprovore : . . .                    (no ring)
                                     o - ring of protection from fire

@: heroism, slightly resistant to hostile enchantments, unstealthy
A: retaliatory headbutt, horns 2
a: Heroism, Finesse, Renounce Religion


You were on level 1 of the Lair of Beasts.
You worshipped Okawaru.
Okawaru was extremely pleased with you.
You were very hungry.

You visited 2 branches of the dungeon, and saw 10 of its levels.

You collected 318 gold pieces.
You spent 141 gold pieces at shops.

Inventory:

Hand weapons
 t - a +4,+3 dwarven hand axe
 J - a +3,+2 hand axe of freezing (weapon)
 K - a +1,+1 battleaxe
Missiles
 n - 2 silver javelins (quivered)
Armour
 g - a +2 ring mail of cold resistance
 p - a +0 pair of boots
 u - a +3 scale mail of fire resistance (worn)
 z - a +0 cloak (worn)
 L - a +0 pair of boots (worn)
 N - a +2 orcish robe of fire resistance
Magical devices
 A - a wand of polymorph (15)
 M - a wand of cold (7) {unknown}
Comestibles
 b - 5 bread rations
 h - 2 apples
 i - a pear
 m - 4 meat rations
 C - 2 beef jerkies
Scrolls
 c - 6 scrolls of teleportation
 d - 6 scrolls of identify
 f - 2 scrolls of fog
 j - a scroll of amnesia {unknown}
 q - 2 scrolls of enchant armour
 r - 4 scrolls of remove curse
 v - 2 scrolls of recharging
 y - a scroll of magic mapping
 G - a scroll of immolation {unknown}
Jewellery
 k - a +6 ring of evasion
 o - a ring of protection from fire (left hand)
 E - an uncursed ring of see invisible
Potions
 a - 2 potions of restore abilities
 e - a potion of porridge {unknown}
 l - 5 potions of curing
 s - 2 potions of flight
 w - a potion of berserk rage {unknown}
 x - a potion of slowing {unknown}
 B - a potion of invisibility
 D - a potion of speed {unknown}
 I - 3 potions of might
Books
 F - a book of Maledictions

   Spells                             Type                      Level
   Corona                             Hexes                        1
   Sure Blade                         Hexes/Charms                 2
   Ensorcelled Hibernation            Hexes/Ice                    2
   Confuse                            Hexes                        3
   Enslavement                        Hexes                        4
   Invisibility                       Hexes                        6


   Skills:
 - Level 3.6(8.6) Fighting
 * Level 12.4(17.4) Axes
 - Level 7.0(12.0) Armour
 - Level 3.2(8.2) Dodging
 - Level 1.5(6.5) Stealth
 - Level 7.0(12.0) Unarmed Combat


You had 8 spell levels left.
You didn't know any spells.

Dungeon Overview and Level Annotations

Branches:
Dungeon (9/27)             Temple (0/1) D:7            Lair (1/8) D:9
    Orc: D:6-11

Altars:
Okawaru
Trog
Xom
Zin
the Shining One

Shops:
D:6: * D:7: *

Annotations
D:9 Dowan, Duvessa


Innate Abilities, Weirdness & Mutations

You reflexively headbutt those who attack you in melee.
You have a pair of horns on your head.


Message History

The orc warrior hits you with an orcish mace.
The jackal barely misses you.
You hit the orc warrior but do no damage.
The orc warrior is moderately wounded.
You hit the jackal. You freeze the jackal.
You kill the jackal!
Okawaru accepts your kill.
You hit the orc warrior but do no damage.
You headbutt the orc warrior.
The orc warrior is moderately wounded.
The orc warrior hits you but does no damage.
You hit the orc warrior but do no damage.
The orc warrior is moderately wounded.
The electric eel shoots out a bolt of electricity!
The bolt of electricity hits you!
* * * LOW HITPOINT WARNING * * *
The jackal bites you but does no damage.
The blink frog hits you but does no damage.
The orc warrior hits you with an orcish mace!
You die...

###. ..........
...........
...........
#...........
#...........
#.........$.
#..o........≈
#..@<.......;
#...hF.?.....≈
....r...........
................
................
..............
.##.........
#........ ..##


You could see a blink frog, an orc warrior, a jackal and a rat.

Vanquished Creatures
  A hippogriff (D:8)
  A manticore (D:8)
  5 ice beasts
  An orc warrior (D:8)
  A phantom (D:8)
  3 ogres
  A centaur (D:8)
  A troll skeleton (D:8)
  A big kobold (D:9)
  3 giant frogs
  A gnoll sergeant (D:9)
  A centaur skeleton (D:6)
  Blork the orc (D:8)
  4 killer bees (D:7)
  6 jellyfish (D:8)
  5 wights (D:7)
  2 crimson imps
  2 hounds
  3 orc priests
  4 worker ants
  A hound skeleton (D:6)
  2 iguanas
  3 scorpions
  6 orc wizards
  A goliath beetle zombie (D:7)
  Terence (D:2)
  7 gnolls
  15 adders
  3 worms
  3 bat skeletons
  5 giant geckos
  2 oozes
  15 orcs
  3 ball pythons
  14 bats
  11 giant cockroaches
  9 goblins
  16 hobgoblins
  11 jackals
  21 kobolds
  2 quokkas
  8 giant newts
  A hobgoblin skeleton (D:7)
  A hobgoblin zombie (D:5)
  2 kobold skeletons (D:4)
  12 rats
  A rat skeleton (D:4)
  A ballistomycete (D:6)
224 creatures vanquished.

Vanquished Creatures (others)
  An orc priest (D:6)
  A giant spore (D:6)
  2 jackals (D:3)
  2 rats
6 creatures vanquished.

Grand Total: 230 creatures vanquished

Notes
Turn   | Place    | Note
--------------------------------------------------------------
     0 | D:1      | HowlyKow, the Minotaur Monk, began the quest for the Orb.
     0 | D:1      | Reached XP level 1. HP: 17/17 MP: 0/0
    79 | D:1      | Reached skill level 1 in Armour
   150 | D:1      | Reached XP level 2. HP: 16/24 MP: 0/0
   625 | D:1      | Reached XP level 3. HP: 27/30 MP: 1/1
  1039 | D:2      | Reached skill level 5 in Unarmed Combat
  1110 | D:2      | Noticed Terence
  1115 | D:2      | Killed Terence
  1415 | D:2      | Reached XP level 4. HP: 37/37 MP: 1/1
  1829 | D:3      | Reached XP level 5. HP: 40/44 MP: 1/1
  1903 | D:3      | Found an iron altar of Okawaru.
  1934 | D:3      | Became a worshipper of Warmaster Okawaru
  1934 | D:3      | Acquired Okawaru's first power
  2331 | D:4      | Found a glowing golden altar of the Shining One.
  2413 | D:4      | Reached skill level 6 in Unarmed Combat
  2538 | D:4      | Found a bloodstained altar of Trog.
  2635 | D:4      | Reached skill level 5 in Armour
  2701 | D:4      | Found a shimmering altar of Xom.
  3019 | D:5      | Entered Level 5 of the Dungeon
  3054 | D:5      | Reached XP level 6. HP: 50/50 MP: 2/2
  3599 | D:5      | Reached skill level 7 in Unarmed Combat
  3740 | D:5      | Reached skill level 1 in Axes
  3740 | D:5      | Reached XP level 7. HP: 27/57 MP: 2/2
  4440 | D:6      | Reached skill level 5 in Axes
  4440 | D:6      | Reached XP level 8. HP: 49/63 MP: 2/2
  4623 | D:6      | Found Shrudw Ofun's Assorted Antiques.
  4637 | D:6      | Bought a bubbling brown potion for 21 gold pieces
  4637 | D:6      | Bought a potion of curing for 48 gold pieces
  4637 | D:6      | Bought a scroll of identify for 48 gold pieces
  4637 | D:6      | Bought a scroll labeled TWYEQI DYSO for 24 gold pieces
  5157 | D:7      | Found a staircase to the Ecumenical Temple.
  5349 | D:7      | Reached skill level 8 in Axes
  5358 | D:7      | Found Zin's Purification Station.
  5371 | D:7      | Found a glowing silver altar of Zin.
  5697 | D:7      | Reached skill level 9 in Axes
  6307 | D:8      | Noticed Blork the orc
  6317 | D:8      | Reached skill level 10 in Axes
  6317 | D:8      | Reached XP level 9. HP: 57/70 MP: 3/3
  6328 | D:8      | Killed Blork the orc
  6637 | D:8      | Reached skill level 11 in Axes
  7121 | D:8      | Acquired Okawaru's second power
  7179 | D:8      | Reached skill level 12 in Axes
  7344 | D:8      | HP: 3/70 [poisoned by a gnoll sergeant]
  7349 | D:8      | HP: 2/70 [poisoned by a gnoll sergeant]
  7643 | D:9      | Found a staircase to the Lair.
  7648 | D:9      | Noticed a blink frog
  7660 | D:9      | Noticed Duvessa
  7660 | D:9      | Noticed Dowan
  7665 | Lair:1   | Entered Level 1 of the Lair of Beasts
  7674 | Lair:1   | Slain by an orc warrior

Action                   |  1- 3 |  4- 6 |  7- 9 || total
-------------------------+-------+-------+-------++-------
Melee: Short sword       |    13 |       |       ||    13
       Unarmed           |    91 |       |       ||    91
       Hand axe          |     8 |   179 |   367 ||   554
       Battleaxe         |       |       |    10 ||    10
Throw: Javelin           |     6 |    12 |       ||    18
Invok: Heroism           |       |       |     5 ||     5
Evoke: Wand              |       |     1 |     8 ||     9
  Use: Scroll            |       |    12 |     8 ||    20
       Potion            |       |       |     3 ||     3
